 Dungeon Crawl Stone Soup version 0.30.0 (webtiles) character file.

Game seed: 12126654066378237131

20374 dialectric the Bludgeoner (level 12, -8/76 HPs)
             Began as a Gargoyle Fighter on May 5, 2023.
             Mangled by a meliai
             ... wielding a +0 war axe
              (11 damage)
             ... on level 12 of the Dungeon.
             The game lasted 00:18:01 (11917 turns).

dialectric the Bludgeoner (Gargoyle Fighter)       Turns: 11917, Time: 00:18:01

Health: -8/76      AC: 29    Str: 22    XL:     12   Next: 78%
Magic:  12/12      EV: 17    Int: 18    God:
Gold:   851        SH:  0    Dex: 11    Spells: 11/11 levels left

rFire   . . .        b - +3 morningstar (holy)
rCold   . . .        (no shield)
rNeg    + . .        B - quicksilver dragon scales of the Unbroken {Will+ Str+2 Int+2 Dex-2}
rPois   ∞            m - +0 helmet
rElec   +            C - +0 cloak {Stlth+}
rCorr   .            z - +0 pair of gloves
SInv    .            q - +2 pair of boots
Will    +....        (no amulet)
Stlth   ++           D - +5 ring of evasion
HPRegen 0.32/turn    h - +6 ring of intelligence
MPRegen 0.13/turn

%: no passive effects
@: no status effects
A: sickness immunity, AC +8, negative energy resistance 1, electricity
resistance, torment resistance 1, petrification resistance
a: no special abilities


You were on level 12 of the Dungeon.
You visited 2 branches of the dungeon, and saw 16 of its levels.
You also visited: Ice Cave.

You collected 868 gold pieces.
You spent 17 gold pieces at shops.

Inventory:

Hand Weapons
 b - a +3 morningstar of holy wrath (weapon)
 c - a +0 demon whip of venom
 s - a +0 heavy mace
Missiles
 u - 8 poisoned darts (quivered)
Armour
 m - a +0 helmet (worn)
 q - a +2 pair of boots (worn)
 z - a +0 pair of gloves (worn)
 B - the quicksilver dragon scales of the Unbroken (worn) {Will+ Str+2 Int+2 Dex-2}
   (You acquired it on level 6 of the Dungeon)

   Str:       It affects your strength (+2).
   Int:       It affects your intelligence (+2).
   Dex:       It affects your dexterity (-2).
   Will:      It increases your willpower.
 C - a +0 cloak of stealth (worn)
 G - +0 swamp dragon scales
Jewellery
 h - a +6 ring of intelligence (right hand)
 i - a ring of resist corrosion
 l - a ring of wizardry
 n - a ring of wizardry
 v - a +6 ring of intelligence
 y - a ring of wizardry
 D - a +5 ring of evasion (left hand)
 L - a +6 ring of intelligence
Wands
 j - a wand of roots (6)
 t - a wand of digging (9)
 A - a wand of flame (11)
 J - a wand of mindburst (11)
 Q - a wand of paralysis (1)
Scrolls
 g - 9 scrolls of identify
 p - 3 scrolls of amnesia
 r - 2 scrolls of enchant weapon
 x - 2 scrolls of poison
 F - 8 scrolls of enchant armour
 M - a scroll of magic mapping
 N - 2 scrolls of fog {unknown}
 P - a scroll of immolation
Potions
 a - a potion of magic
 d - a potion of lignification
 e - 3 potions of mutation {unknown}
 f - 2 potions of curing
 k - a potion of haste
 o - 2 potions of attraction {unknown}
 w - 2 potions of degeneration {unknown}
 E - a potion of resistance {unknown}
 I - a potion of brilliance
 K - a potion of cancellation {unknown}
 O - a potion of invisibility {unknown}
 R - 2 potions of heal wounds


   Skills:
 + Level 9.1 Fighting
 - Level 16.3 Maces & Flails
 - Level 2.1 Throwing
 + Level 9.1 Armour
 + Level 4.3 Dodging
 - Level 3.2 Shields
 * Level 2.9 Evocations


You had 11 spell levels left.
You didn't know any spells.
Your spell library contained the following spells:

 Spells                   Type           Power      Damage    Failure   Level
 Apportation              Tloc           0%         N/A       32%         1
 Necrotise                Necr           0%         1d4       32%         1
 Summon Small Mammal      Summ           0%         N/A       32%         1
 Static Discharge         Conj/Air       0%         2-2/arc   43%         2
 Gell's Gravitas          Tloc           0%         N/A       67%         3
 Teleport Other           Tloc           0%         N/A       67%         3
 Airstrike                Air            0%         2d(0-16)  97%         4
 Summon Lightning Spire   Summ/Air       0%         N/A       97%         4
 Conjure Ball Lightning   Conj/Air       0%         3x3d6     100%        6
 Dispersal                Tloc           0%         N/A       100%        6
 Discord                  Hex            0%         N/A       100%        8
 Disjunction              Tloc           0%         N/A       100%        8


Dungeon Overview and Level Annotations

Branches:
Dungeon (13/15)            Temple (0/1) D:7            Lair (3/5) D:11
  IceCv (visited)
  Swamp: Lair:2-3    Shoals: Lair:2-3     Snake: Lair:2-3    Spider: Lair:2-3
    Orc: D:9-12      Vaults: D:13-14

Altars:
Cheibriados
Fedhas
Hepliaklqana
Uskayaw
Yredelemnul

Shops:
D:1 *

Annotations:
D:7 3 runed translucent doors, Kazon's ghost, novice NaBe; KittyFluff's ghost, novice GrBe; monsoonserge's ghost, novice MfIE
D:8 2 transporters, nroviw's ghost, novice GrFi
D:9 1 runed translucent door
D:10 3 runed translucent doors, exclusion: orange crystal statue
Lair:1 1 runed translucent door, Imnulubo's ghost, novice TeFE


Innate Abilities, Weirdness & Mutations

You are immune to sickness and miasma.
Your stone body is resilient. (AC +8)
You are immune to poison.
You resist negative energy. (rN+)
You are resistant to electric shocks. (rElec)
You are resistant to unholy torment.
You are immune to petrification.


Message History

A meliai comes into view. It is wielding a +0 hand axe.
A manticore comes into view.
A meliai comes into view. It is wielding a +0 hand axe.
Blink to where?
Press: ? - help, Dir - move target
As you read the scroll of blinking, it crumbles to dust.
The meliai calls down the wrath of its god upon you.
Something smites you!
There is a stone staircase leading up here.
The meliai calls down the wrath of its god upon you.
Something smites you!
The meliai buzzes angrily.
The meliai mumbles some strange prayers to its god against you.
Something smites you! The meliai hits you with a +0 war axe.
The meliai misses you. The meliai misses you. The meliai stings you.
* * * LOW HITPOINT WARNING * * *
The meliai closely misses you. The meliai misses you.
You climb upwards.
There is a stone staircase leading down here.
Unknown command.
Unknown command.
You miss the meliai. The meliai barely misses you.
The meliai stings you but does no damage.
You hit the meliai.
The meliai is lightly wounded.
The meliai misses you.
The meliai stings you but does no damage.
You sock the meliai!
The meliai is heavily wounded.
The meliai mumbles some strange prayers to its god against you.
Something smites you!
* * * LOW HITPOINT WARNING * * *
The meliai hits you with a +0 war axe!
* * * LOW HITPOINT WARNING * * *
The meliai stings you but does no damage.
You miss the meliai.
The meliai is heavily wounded.
The meliai hits you with a +0 war axe!
You die...

## . .#
##. .#
#.. ..
#.# .#
#.# .#
#.####.#
#...y@.#
##..<...#
+.......#
##......#
#......#
##.#####
#.^.
#.#.#
#.##.#


You could see a meliai.

Vanquished Creatures
  3 two-headed ogres
  A boulder beetle (D:11)
  Amaemon (Lair:1)
  2 ugly things
  A manticore (D:12)
  6 elephants (Lair:2)
  3 slime creatures
  2 cane toads (Lair:1)
  An orange demon (Lair:1)
  Maggie (D:5)
  A gargoyle (D:11)
  An unseen horror (D:11)
  2 komodo dragons (Lair:1)
  A rime drake (IceCv)
  2 trolls
  A blink frog (Lair:1)
  A hornet (D:9)
  Sigmund (D:2)
  6 wyverns
  3 shadows
  24 yaks
  3 vampires
  A basilisk (Lair:1)
  Eustachio (D:5)
  A steam dragon (D:8)
  Menkaure (D:4)
  3 acid dragons
  6 water moccasins
  3 black bears (D:11)
  An ice beast (D:7)
  An orc warrior (D:10)
  A sky beast (D:8)
  2 centaurs (D:4)
  2 ogres
  A phantom (D:7)
  A wolf (D:11)
  A kobold brigand (D:10)
  7 bullfrogs
  4 scorpions
  4 wights (D:9)
  4 killer bees (D:8)
  5 electric eels
  5 howler monkeys
  6 crimson imps (D:11)
  2 jellies (D:6)
  An orc priest (D:7)
  3 hounds
  Crazy Yiuf (D:3)
  Jessica (D:2)
  2 iguanas
  Terence (D:3)
  9 orc wizards
  6 adders
  4 white imps
  6 steam dragon simulacra (IceCv)
  2 worms
  A dart slug (D:2)
  22 orcs
  8 ball pythons
  6 bats
  7 endoplasms
  2 giant cockroaches
  3 hobgoblins
  3 quokkas
  4 frilled lizards
  10 goblins
  9 kobolds
  7 rats
248 creatures vanquished.

Vanquished Creatures (others)
  An orc wizard (D:9)
  12 fungi
  29 plants
42 creatures vanquished.

Grand Total: 290 creatures vanquished

Notes
Turn   | Place    | Note
-------+----------+-------------------------------------------
     0 | D:1      | dialectric the Gargoyle Fighter began the quest for the
                  | Orb.
     0 | D:1      | Reached XP level 1. HP: 14/14 MP: 1/1
   109 | D:1      | Reached XP level 2. HP: 19/19 MP: 2/2
   267 | D:1      | Found Gaocs's Assorted Antiques.
   319 | D:1      | Bought a fizzy brown potion for 17 gold pieces
   906 | D:2      | Reached XP level 3. HP: 24/24 MP: 3/3
   974 | D:2      | Found a blossoming altar of Fedhas.
  1185 | D:2      | Noticed Sigmund
  1195 | D:2      | Killed Sigmund
  1196 | D:2      | Reached skill level 3 in Maces & Flails
  1196 | D:2      | Reached skill level 1 in Dodging
  1196 | D:2      | Reached XP level 4. HP: 12/29 MP: 4/4
  1196 | D:2      | Reached XP level 5. HP: 14/33 MP: 5/5
  1470 | D:2      | Reached XP level 6. HP: 38/38 MP: 6/6
  1534 | D:2      | Noticed Jessica
  1536 | D:2      | Killed Jessica
  1537 | D:2      | Reached skill level 4 in Maces & Flails
  2104 | D:3      | Found a runed translucent door.
  2105 | D:3      | Noticed Crazy Yiuf
  2324 | D:3      | Noticed Terence
  2332 | D:3      | Killed Terence
  2597 | D:3      | Killed Crazy Yiuf
  2598 | D:3      | Reached skill level 5 in Armour
  2736 | D:4      | Noticed Menkaure
  2744 | D:4      | Killed Menkaure
  2745 | D:4      | Reached XP level 7. HP: 19/44 MP: 7/7
  2931 | D:4      | Reached skill level 5 in Maces & Flails
  3331 | D:5      | Entered Level 5 of the Dungeon
  3331 | D:5      | Noticed a +0 hand axe
  3331 | D:5      | Noticed a +0 hand axe
  3331 | D:5      | Found a hide-covered altar of Uskayaw.
  3436 | D:5      | Noticed Eustachio
  3465 | D:5      | Killed Eustachio
  3466 | D:5      | Reached XP level 8. HP: 48/48 MP: 8/8
  3712 | D:5      | Reached skill level 5 in Fighting
  3712 | D:5      | Reached skill level 6 in Maces & Flails
  3906 | D:6      | Noticed Maggie
  3922 | D:5      | Killed Maggie
  4154 | D:6      | Reached skill level 7 in Maces & Flails
  4221 | D:6      | Identified the +4 ring mail "Sanof" {SInv}
  4402 | D:6      | Identified a scroll of acquirement
  4402 | D:6      | Acquired the quicksilver dragon scales of the Unbroken
                  | {Will+ Str+2 Int+2 Dex-2}
  4462 | D:6      | Noticed a wyvern
  4474 | D:6      | Killed a wyvern
  4475 | D:6      | Reached XP level 9. HP: 29/54 MP: 9/9
  4506 | D:6      | Reached skill level 8 in Maces & Flails
  4631 | D:6      | Noticed a two-headed ogre
  5028 | D:7      | Found a runed translucent gate.
  5033 | D:7      | Found a runed translucent gate.
  5034 | D:7      | Found a runed translucent gate.
  5035 | D:7      | Noticed Kazon's ghost (novice NaBe)
  5036 | D:7      | Noticed KittyFluff's ghost (novice GrBe)
  5036 | D:7      | Noticed monsoonserge's ghost (novice MfIE)
  5333 | D:7      | Found a staircase to the Ecumenical Temple.
  5620 | D:8      | Noticed nroviw's ghost (novice GrFi)
  5627 | D:8      | Found a transporter.
  5724 | D:8      | Reached skill level 9 in Maces & Flails
  5971 | D:8      | Found a transporter.
  6294 | D:9      | Noticed a hornet
  6302 | D:9      | Killed a hornet
  6350 | D:9      | Reached XP level 10. HP: 55/63 MP: 10/10
  6354 | D:9      | Reached skill level 10 in Maces & Flails
  6583 | D:9      | Found a hazy altar of Hepliaklqana.
  6736 | D:9      | Found a snail-covered altar of Cheibriados.
  6819 | D:9      | Reached skill level 11 in Maces & Flails
  6931 | D:9      | Found a runed translucent door.
  6935 | D:9      | Found a basalt altar of Yredelemnul.
  6935 | D:9      | Noticed a two-headed ogre
  6989 | D:10     | Entered Level 10 of the Dungeon
  7065 | D:10     | Found a runed translucent door.
  7072 | D:10     | Found a runed translucent door.
  7084 | D:10     | Found a runed translucent door.
  7102 | D:10     | Found a runed translucent door.
  7333 | D:10     | Noticed a two-headed ogre
  7345 | D:10     | Killed a two-headed ogre
  7346 | D:10     | Reached skill level 12 in Maces & Flails
  7700 | D:10     | Reached XP level 11. HP: 52/67 MP: 11/11
  7917 | D:10     | Reached skill level 13 in Maces & Flails
  8401 | D:10     | Noticed an orange crystal statue
  8482 | D:11     | Noticed a green ugly thing
  8497 | D:11     | Killed a green ugly thing
  8821 | D:11     | Noticed a two-headed ogre
  8832 | D:11     | Killed a two-headed ogre
  8938 | D:11     | Found a frozen archway.
  8948 | IceCv    | Entered an ice cave
  9290 | D:11     | Reached skill level 1 in Throwing
  9306 | D:11     | Reached skill level 14 in Maces & Flails
  9308 | D:11     | Reached skill level 1 in Evocations
  9368 | D:11     | Found a staircase to the Lair.
  9417 | D:11     | Noticed a two-headed ogre
  9424 | D:11     | Noticed a boulder beetle
  9438 | D:11     | Killed a two-headed ogre
  9439 | D:11     | Reached XP level 12. HP: 35/75 MP: 12/12
  9488 | D:11     | Killed a boulder beetle
 10005 | D:12     | Reached skill level 15 in Maces & Flails
 10117 | Lair:1   | Entered Level 1 of the Lair of Beasts
 10285 | Lair:1   | Noticed Amaemon
 10578 | Lair:1   | Found a runed translucent door.
 10639 | Lair:1   | Killed Amaemon
 10794 | Lair:1   | Noticed Imnulubo's ghost (novice TeFE)
 10929 | Lair:3   | Noticed a seven-headed hydra
 11020 | Lair:2   | HP: 2/76 [elephant (12)]
 11041 | Lair:2   | Reached skill level 16 in Maces & Flails
 11916 | D:12     | HP: 3/76 [meliai/+0 war axe (11)]
 11917 | D:12     | Mangled by a meliai

Illustrated notes

Levels and vault maps discovered:
D:1:      spicycebolla_arrival_ecumenical, layout_basic, serial_shops,
          shop_fountains
D:2:      minmay_diamond_boxcup, layout_loops_ring, basic_altar, uniq_sigmund,
          uniq_jessica
D:3:      layout_loops_ring, uniq_terence, uniq_crazy_yiuf_cottage
D:4:      layout_basic, uniq_menkaure
D:5:      layout_loops_ring, dancing_weapons_uskayaw, uniq_eustachio
D:6:      layout_basic, grunt_ministairs_3, lightli_corner_chamber, uniq_maggie
D:7:      layout_cave_pools, minmay_temple_entry_poolview,
          gammafunk_ghost_cemetery
D:8:      layout_basic, gammafunk_ghost_stat_death,
          nicolae_straight_to_the_point
D:9:      layout_rooms, dk_yredelemnul_ordeal, slow_altar_2,
          worldfamousw_hep_ancestral_shrine
D:10:     kennysheep_spiral_hall, layout_basic, minmay_statue_crystal_thing
D:11:     layout_loops_ring, minmay_lair_entry_grove,
          portal_ice_cave_entry_pillars_1, minmay_nine_imps
D:12:     layout_loops_corners, orc_0_dummy, fedhas_altar_2, uniq_psyche
D:13:     layout_cave_pools
Lair:1:   layout_chaotic_city, ebering_ghost_inner_flame, serial_bayou_shore_a,
          grunt_megastairs_2, uniq_amaemon
Lair:2:   layout_cave_pods, minmay_swamp_entry_worms, grunt_megastairs_3
Lair:3:   layout_small_grid, nicolae_spider_entry_lesser_pyramids,
          serial_bayou_shore_b, grunt_megastairs_5, uniq_fannar

Skill      XL: |  1  2  3  4  5  6  7  8  9 10 11 12 |
---------------+-------------------------------------+-----
Fighting       | 4 5 7 8 9 |  9.1
Maces & Flails | 3 4 5 7 9 12 14 16 | 16.3
Armour         | 4 5 6 8 9 |  9.1
Dodging        | 1 2 3 4 |  4.3
Throwing       | 1 2 |  2.1
Evocations     | 1 2 |  2.9
Shields        | |  3.2

Action                     |  1- 3 |  4- 6 |  7- 9 | 10-12 || total
---------------------------+-------+-------+-------+-------++-------
  Melee: Flail             |    81 |    33 |       |       ||   114
         Mace              |       |    40 |       |       ||    40
         Morningstar       |       |    14 |   274 |   715 ||  1003
         Punch             |       |       |     1 |    11 ||    12
  Throw: Dart              |       |       |     2 |    27 ||    29
  Evoke: Wand              |       |       |       |    24 ||    24
    Use: Scroll            |       |     1 |     8 |    11 ||    20
         Potion            |       |     1 |     2 |     8 ||    11
   Stab: Sleeping          |       |       |       |     1 ||     1
         Paralysed         |       |       |       |     6 ||     6
 Armour: Scale mail        |    52 |    12 |       |       ||    64
         Chain mail        |       |    37 |    98 |       ||   135
         Swamp dragon scal |       |       |    27 |       ||    27
         Quicksilver drago |       |       |    68 |   252 ||   320
         Skin              |       |       |       |    24 ||    24
  Dodge: Dodged            |    42 |    39 |   304 |   423 ||   808
